 Dungeon Crawl Stone Soup version 0.30-a0-1016-gfb0d676c02 (webtiles) character file.

Game seed: 5011773730071958700

758 Malachi the Shooter (level 7, -8/62 HPs)
             Began as a Demigod Hunter on Apr 7, 2023.
             Mangled by a two-headed ogre
             ... wielding a +0 giant club
              (20 damage)
             ... on level 5 of the Dungeon.
             The game lasted 00:06:01 (5276 turns).

Malachi the Shooter (Demigod Hunter)                Turns: 5276, Time: 00:06:01

Health: -8/62      AC:  4    Str: 12    XL:     7   Next: 25%
Magic:  9/9        EV: 12    Int: 11    God:
Gold:   139        SH:  0    Dex: 25    Spells: 6/6 levels left

rFire   . . .      SeeInvis .    a - +1 shortbow (drain)
rCold   . . .      Faith    .    (shield currently unavailable)
rNeg    . . .      Spirit   .    c - +0 leather armour
rPois   .          Reflect  .    m - +0 helmet
rElec   .          Rampage  .    (no cloak)
rCorr   .                        (no gloves)
Will    .....                    (no boots)
Stlth   ++                       (no amulet)
HPRegen 0.30/turn                d - ring of flight
MPRegen 0.11/turn                (no ring)

@: flying, studying Fighting
A: high MP 1, forlorn, divine attributes
a: no special abilities


You were on level 5 of the Dungeon.
You visited 1 branch of the dungeon, and saw 5 of its levels.

You collected 227 gold pieces.
You spent 88 gold pieces at shops.

Inventory:

Hand Weapons
 a - a +1 shortbow of draining (weapon)
Armour
 c - a +0 leather armour (worn)
 m - a +0 helmet (worn)
Jewellery
 d - a ring of flight (left hand)
Wands
 q - a wand of light (5)
Scrolls
 b - a scroll of immolation
 h - 2 scrolls of noise
 i - a scroll of brand weapon
 k - a scroll of teleportation
 o - a scroll of vulnerability
Potions
 e - a potion of haste {unknown}
 f - 2 potions of degeneration
 g - 3 potions of curing
 j - a potion of attraction {unknown}
 l - a potion of heal wounds
 n - 2 potions of ambrosia {unknown}


   Skills:
 + Level 5.7 Fighting
 + Level 7.5 Ranged Weapons
 - Level 1.8 Dodging
 - Level 0.9 Stealth


You had 6 spell levels left.
You didn't know any spells.
Your spell library was empty.

Dungeon Overview and Level Annotations

Branches:
Dungeon (5/15)
 Temple: D:4-7

Shops:
D:4 !


Innate Abilities, Weirdness & Mutations

You have an increased reservoir of magic. (+10% MP)
You shall have no god before yourself.
Your divine heritage dramatically boosts your attributes as you level up.


Message History

You see here a +0 rapier.
A jelly comes into view.
A jelly is nearby!
A jelly is nearby!
You shoot an arrow. The arrow hits the jelly!
You drain the jelly.
The jelly quivers.
The jelly is severely wounded.
You shoot an arrow. The arrow hits the jelly!
You kill the jelly!
No target in view!
No target in view!
No target in view!
A two-headed ogre comes into view. It is wielding two +0 giant clubs.
Found a club.
The two-headed ogre shouts in stereo!
The two-headed ogre moves out of view.
A two-headed ogre is nearby!
A two-headed ogre is nearby!
You shoot an arrow.
The arrow hits the two-headed ogre but does no damage.
You shoot an arrow.
The arrow completely misses the two-headed ogre.
You shoot an arrow.
The arrow hits the two-headed ogre but does no damage.
You drain the two-headed ogre.
The two-headed ogre is lightly wounded.
The two-headed ogre hits you with a +0 giant club! x2
You shoot an arrow.
The arrow barely misses the two-headed ogre.
The two-headed ogre barely misses you.
The two-headed ogre hits you with a +0 giant club!
You shoot an arrow. The arrow hits the two-headed ogre!
The two-headed ogre is moderately wounded.
The two-headed ogre hits you with a +0 giant club! x2
* * * LOW HITPOINT WARNING * * *
As you read the scroll of fear, it crumbles to dust.
You assume a fearsome visage.
The two-headed ogre easily resists.
Okay, then.
The two-headed ogre hits you with a +0 giant club!!
You die...

#.###.#####.### #.### .#
#.#.....#.....#.....#)..
#.#...[.#..⌠.÷#.....#.#
#....)....⌠⌠⌠.........
#.#.(.).#..⌠..#.....#
#.#.....#.....#.....
#.###.#####.#####.###.#
#.......#.....#.O.....#
#######.#..#..#@#######
####...###...#
#....#..#..#.#
#.#..#.....#.#
##.##.###.###.#
###..##.........#
#...###..........
#.###...#########
#.....###


You could see a two-headed ogre (drained).

Vanquished Creatures
  A yak (D:5)
  3 scorpions
  A jelly (D:5)
  2 hounds (D:5)
  2 orc wizards (D:5)
  10 adders
  8 gnolls
  An ufetubus (D:5)
  4 worms
  2 dart slugs
  11 orcs
  2 endoplasms (D:1)
  3 giant cockroaches
  8 goblins
  7 hobgoblins
  6 jackals (D:2)
  4 quokkas
  7 ball pythons
  7 bats
  2 frilled lizards
  6 kobolds
  5 rats
102 creatures vanquished.

Notes
Turn   | Place    | Note
-------+----------+-------------------------------------------
     0 | D:1      | Malachi the Demigod Hunter began the quest for the Orb.
     0 | D:1      | Reached XP level 1. HP: 17/17 MP: 3/3
   157 | D:1      | Reached skill level 4 in Ranged Weapons
   177 | D:1      | Reached XP level 2. HP: 24/24 MP: 4/4
   898 | D:2      | Reached XP level 3. HP: 23/29 MP: 5/5
   990 | D:2      | Reached skill level 5 in Ranged Weapons
  1257 | D:2      | Reached XP level 4. HP: 36/36 MP: 6/6
  2363 | D:3      | Reached skill level 6 in Ranged Weapons
  2363 | D:3      | Reached XP level 5. HP: 41/41 MP: 7/7
  3178 | D:3      | You are sucked into a shaft and drop 1 floor!
  3369 | D:3      | Identified a scroll of acquirement
  3373 | D:3      | Acquired a manual of Fighting
  4007 | D:4      | Reached XP level 6. HP: 50/50 MP: 8/8
  4280 | D:4      | Found Koorimar's Distillery.
  4288 | D:4      | Bought a potion of heal wounds for 55 gold pieces
  4288 | D:4      | Bought a potion of curing for 33 gold pieces
  4517 | D:5      | Entered Level 5 of the Dungeon
  4993 | D:5      | Reached skill level 7 in Ranged Weapons
  5029 | D:5      | Noticed a yak
  5041 | D:5      | Killed a yak
  5042 | D:5      | Reached skill level 5 in Fighting
  5042 | D:5      | Reached XP level 7. HP: 35/61 MP: 9/9
  5266 | D:5      | Noticed a two-headed ogre
  5276 | D:5      | Mangled by a two-headed ogre

Illustrated notes

Levels and vault maps discovered:
D:1:      spicycebolla_green_bress_n_ham, layout_basic
D:2:      layout_loops_cross, basic_altar
D:3:      layout_loops_ring, grunt_temple_overflow_cloverleaf
D:4:      layout_loops_corners, minitemple, serial_shops, nicolae_shop_stone,
          nicolae_underground_beach
D:5:      layout_basic, minmay_temple_entry_purple_smoke,
          minmay_chambers_of_fives

Skill      XL: |  1  2  3  4  5  6 |
---------------+-------------------+-----
Ranged Weapons | 4 5 6 7 |  7.5
Fighting       | 2 5 |  5.7
Dodging        | |  1.8
Stealth        | |  0.9

Action                     |  1- 3 |  4- 6 |  7- 9 || total
---------------------------+-------+-------+-------++-------
   Fire: Shortbow          |   126 |   226 |     7 ||   359
    Use: Scroll            |       |    11 |     1 ||    12
         Potion            |       |     3 |       ||     3
 Armour: Leather armour    |    21 |    27 |       ||    48
  Dodge: Dodged            |    62 |    60 |     1 ||   123

Table legend: (Time is in decaauts)
 A = Elapsed time spent in this place.
 B = Non-inter-level travel time spent in this place.
 C = Inter-level travel time spent in this place.
 D = Time resting spent in this place.
 E = Time spent auto-exploring this place.
 F = Levels seen in this place.
 G = Mean time per level.
                   A        B        C        D        E       F      G
               +--------+--------+--------+--------+--------+-----+--------+
         Total |   5371 |   5214 |    157 |   1606 |   2894 |   5 | 1074.2 |
       Dungeon |   5371 |   5214 |    157 |   1606 |   2894 |   5 | 1074.2 |
               +--------+--------+--------+--------+--------+-----+--------+

Top non-repeatable levels by time:
     D:2: 1370 daAuts
     D:4: 1196 daAuts
     D:3: 1150 daAuts
     D:1: 885 daAuts
     D:5: 768 daAuts
